 Dungeon Sprint DCSS version 0.27.0-1-g7a089689b8 (webtiles) character file.

Game seed: 14555616512217413307

6325 Groucho the Imperceptible (level 10, 0/44 HPs)
             Began as a Spriggan Enchanter on Aug 4, 2021.
             Was a High Priest of Sif Muna.
             Slain by a demonic crawler (5 damage)
             ... in the Dungeon (Sprint I: "Red Sonja").
             The game lasted 00:10:58 (3463 turns).

Groucho the Imperceptible (Spriggan Enchanter)      Turns: 3463, Time: 00:10:59

Health: 0/44       AC:  2    Str:  7    XL:     10   Next: 64%
Magic:  21/29      EV: 19    Int: 17    God:    Sif Muna [*****.]
Gold:   1119       SH:  0    Dex: 16    Spells: 25/37 levels left

rFire    . . .     SeeInvis +   a - +1 dagger
rCold    + . .     Faith    .   (shield restricted)
rNeg     + . .     Spirit   .   b - +0 robe
rPois    +         Reflect  .   (helmet restricted)
rElec    .         Harm     .   (no cloak)
rCorr    .         Rampage  .   (gloves unavailable)
Will     +....     NoTele   +   (boots unavailable)
Stlth    ++++++++..             (no amulet)
HPRegen  0.14/turn              p - ring of Caenigri {rPois rC+}
MPRegen  0.21/turn              i - ring of positive energy

@: very quick
A: very small, no large weapons, unfitting armour, see invisible, speed 3
a: Renounce Religion, Channel Magic, Forget Spell, Divine Exegesis


You were in the Dungeon.
You worshipped Sif Muna.
Sif Muna was extremely pleased with you.
You visited 1 branch You collected 1574 gold pieces.
You spent 455 gold pieces at shops.

Inventory:

Hand Weapons
 a - a +1 dagger (weapon)
 h - a +0 shortbow
 m - a +1 dagger of distortion
Missiles
 j - 4 curare-tipped darts
 k - 5 datura-tipped darts
 n - 31 arrows
Armour
 b - a +0 robe (worn)
Jewellery
 i - a ring of positive energy (right hand)
 p - the ring of Caenigri (left hand) {rPois rC+}
   (You found it in the Dungeon)

   [ring of poison resistance]

   rC:        It protects you from cold.
   rPois:     It protects you from poison.
 q - a ring of fire
Wands
 o - a wand of flame (20)
Scrolls
 g - 2 scrolls of amnesia {unknown}
 l - 2 scrolls of immolation {unknown}
Potions
 c - 2 potions of curing
 d - a potion of cancellation {unknown}
 e - a potion of haste
 f - 2 potions of magic


   Skills:
 * Level 3.5 Short Blades
 * Level 5.0 Dodging
 * Level 23.1 Stealth
 * Level 14.2 Spellcasting
 - Level 14.0 Hexes
 - Level 7.0 Ice Magic
 * Level 2.9 Invocations


You had 25 spell levels left.
You knew the following spells:

 Your Spells              Type           Power      Damage    Failure   Level
a - Corona                Hex            62%        N/A       1%          1
b - Ensorcelled Hibernat  Hex/Ice        94%        N/A       1%          2
c - Confusing Touch       Hex            56%        N/A       1%          3
d - Tukima's Dance        Hex            56%        N/A       1%          3
e - Dazzling Flash        Conj/Hex       70%        N/A       1%          3

Your spell library contained the following spells:

 Spells                   Type           Power      Damage    Failure   Level
 Metabolic Englaciation   Hex/Ice        23%        N/A       1%          5
 Leda's Liquefaction      Hex/Erth       17%        N/A       3%          4
 Corpse Rot               Necr/Air       N/A        N/A       9%          2
 Silence                  Hex/Air        17%        N/A       9%          5
 Yara's Violent Unravell  Hex/Tmut       17%        3d8       9%          5
 Dispel Undead            Necr           12%        3d9       50%         4
 Petrify                  Tmut/Erth      12%        N/A       50%         4
 Agony                    Necr           12%        N/A       83%         5
 Lightning Bolt           Conj/Air       6%         1d18      83%         5
 Death Channel            Necr           6%         N/A       100%        6
 Statue Form              Tmut/Erth      8%         N/A       100%        6


Dungeon Overview and Level Annotations

Branches:
Dungeon (1/1)

Altars:
Cheibriados
Dithmenos
Elyvilon
Fedhas
Gozag
Hepliaklqana
Kikubaaqudgha
Makhleb
Nemelex Xobeh
Okawaru
Qazlal
Ru
Sif Muna
Trog
Uskayaw
Vehumet
Wu Jian
Xom
Yredelemnul
Zin
The Shining One
Jiyva
Lugonu

Shops:
D [*[=**(*!((=*!([*


Innate Abilities, Weirdness & Mutations

You are very small and have problems with some larger weapons.
You are too small for most types of armour.
You have supernaturally acute eyesight. (SInv)
You cover ground extremely quickly. (Speed+++)


Message History

You stick the demonic crawler like a pincushion!!!!
You kill the demonic crawler!
Sif Muna accepts your kill.
The demonic crawler gives a hideous shriek! x2
Your Dodging skill increases to level 5!
Casting: Ensorcelled Hibernation (safe; 1% risk of failure)
Confirm with . or Enter, or press ? or * to list all spells.
The demonic crawler hits you. x4; The demonic crawler misses you.
The demonic crawler barely misses you.
Unknown command.
Unknown command.
Unknown command.
Casting: Dazzling Flash (safe; 1% risk of failure)
Confirm with . or Enter, or press ? or * to list all spells.
The demonic crawler is dazzled.
The demonic crawler misses you. The demonic crawler hits you!
* * * LOW HITPOINT WARNING * * *
The demonic crawler hits you!
* * * LOW HITPOINT WARNING * * *
Unknown command.
You feel better. The demonic crawler misses you. x2
The demonic crawler barely misses you.
The demonic crawler completely misses you.
The demonic crawler hits you.
* * * LOW HITPOINT WARNING * * *
The demonic crawler closely misses you. The demonic crawler misses you.
The demonic crawler completely misses you.
The demonic crawler hits you.
* * * LOW HITPOINT WARNING * * *
Unknown command.
There is an open door, spattered with blood here.
Things that are here:
a +0 dagger; a +0 robe; a kobold skeleton
Casting: Dazzling Flash (safe; 1% risk of failure)
Confirm with . or Enter, or press ? or * to list all spells.
The demonic crawler hits you.
* * * LOW HITPOINT WARNING * * *
The demonic crawler hits you but does no damage.
The demonic crawler misses you. The demonic crawler hits you.
You die...

#####################
.'..#.)'..#__#..@s..#
.#.)'..#..'^.'..#s..##+#
###+#####'#__####...'†.#
##..#...#.####§§#####..+
_####..##.#≈§§§§#..# +##
____##'#_.'≈§§§§§§.#
.∩...'...§#§≈≈§§#§.#
..__##_.#'##+#####'###
____###'#.#.[..###.'.#


You could see 2 demonic crawlers.

Vanquished Creatures
  2 centaur warriors (D)
  Sonja (D)
  A deep troll (D)
  An oklob plant (D)
  2 unseen horrors (D)
  2 kobold demonologists (D)
  2 demonic crawlers (D)
  A hornet (D)
  A slime creature (D)
  Sigmund (D)
  2 redbacks (D)
  A yak (D)
  2 floating eyes (D)
  7 necrophages (D)
  An ogre (D)
  8 jellies (D)
  Ijyb (D)
36 creatures vanquished.

Vanquished Creatures (others)
  2 ballistomycete spores (D)
2 creatures vanquished.

Grand Total: 38 creatures vanquished

Notes
Turn   | Place    | Note
-------+----------+-------------------------------------------
     0 | D        | Groucho the Spriggan Enchanter began the quest for the Orb.
     0 | D        | Reached XP level 1. HP: 9/9 MP: 5/5
     2 | D        | Noticed Ijyb
     9 | D        | Killed Ijyb
    10 | D        | Reached skill level 7 in Stealth
    10 | D        | Reached skill level 5 in Hexes
    10 | D        | Reached XP level 2. HP: 8/13 MP: 6/8
   358 | D        | Noticed an ogre
   360 | D        | Killed an ogre
   361 | D        | Reached skill level 10 in Stealth
   361 | D        | Reached XP level 3. HP: 16/16 MP: 8/11
   361 | D        | Reached XP level 4. HP: 21/21 MP: 9/13
   364 | D        | Learned a level 2 spell: Ensorcelled Hibernation
   368 | D        | Learned a level 3 spell: Confusing Touch
   372 | D        | Learned a level 3 spell: Tukima's Dance
   376 | D        | Learned a level 3 spell: Dazzling Flash
   390 | D        | Noticed Sigmund
   393 | D        | Killed Sigmund
   394 | D        | Reached skill level 13 in Stealth
   394 | D        | Reached XP level 5. HP: 11/24 MP: 11/16
   743 | D        | Found a shimmering blue altar of Sif Muna.
   744 | D        | Found an ornate altar of the Wu Jian Council.
   745 | D        | Found a radiant altar of Vehumet.
   750 | D        | Reached XP level 6. HP: 28/28 MP: 18/18
   766 | D        | Found Reobo's Assorted Antiques.
   766 | D        | Found an ancient bone altar of Kikubaaqudgha.
   766 | D        | Found a hazy altar of Hepliaklqana.
   766 | D        | Found a stormy altar of Qazlal.
   766 | D        | Found a hide-covered altar of Uskayaw.
   766 | D        | Found a blossoming altar of Fedhas.
   766 | D        | Found a bloodstained altar of Trog.
   766 | D        | Found an iron altar of Okawaru.
   766 | D        | Found a basalt altar of Yredelemnul.
   766 | D        | Found a glowing golden altar of the Shining One.
   766 | D        | Found a snail-covered altar of Cheibriados.
   766 | D        | Found a sacrificial altar of Ru.
   766 | D        | Found a glowing silver altar of Zin.
   766 | D        | Found a shadowy altar of Dithmenos.
   766 | D        | Found a white marble altar of Elyvilon.
   766 | D        | Noticed a yak
   767 | D        | Found an opulent altar of Gozag.
   768 | D        | Killed a yak
   769 | D        | Reached skill level 15 in Stealth
   769 | D        | Found a sparkling altar of Nemelex Xobeh.
   773 | D        | Bought a tourmaline ring for 155 gold pieces
   781 | D        | Became a worshipper of Sif Muna the Loreminder
   789 | D        | Noticed Sonja
   793 | D        | Killed Sonja
   794 | D        | Reached skill level 17 in Stealth
   794 | D        | Reached skill level 10 in Spellcasting
   794 | D        | Reached skill level 10 in Hexes
   794 | D        | Reached XP level 7. HP: 22/32 MP: 17/21
   893 | D        | Found Max Hung's Antique Armour Boutique.
   913 | D        | Noticed a deep troll
   919 | D        | Killed a deep troll
   920 | D        | Reached skill level 18 in Stealth
   920 | D        | Reached XP level 8. HP: 36/36 MP: 20/24
   930 | D        | Found Liasecag's Armour Emporium.
   986 | D        | Found a burning altar of Makhleb.
   986 | D        | Found a shimmering altar of Xom.
   986 | D        | Noticed a slime creature
   987 | D        | Found a viscous altar of Jiyva.
   987 | D        | Found a corrupted altar of Lugonu.
   991 | D        | Killed a slime creature
   991 | D        | Reached * piety under Sif Muna
   992 | D        | Reached skill level 19 in Stealth
  1123 | D        | Noticed a centaur warrior
  1123 | D        | Noticed a centaur warrior
  1127 | D        | Killed a centaur warrior
  1128 | D        | Reached skill level 20 in Stealth
  1128 | D        | Reached skill level 5 in Ice Magic
  1128 | D        | Reached XP level 9. HP: 15/39 MP: 19/26
  1130 | D        | Killed a centaur warrior
  1617 | D        | Reached ** piety under Sif Muna
  1628 | D        | Noticed an oklob plant
  1630 | D        | Killed an oklob plant
  1631 | D        | Reached skill level 21 in Stealth
  1650 | D        | Paralysed by a floating eye for 3 turns
  1654 | D        | Reached *** piety under Sif Muna
  1655 | D        | Reached XP level 10. HP: 44/44 MP: 24/28
  1685 | D        | Reached skill level 22 in Stealth
  1899 | D        | Reached **** piety under Sif Muna
  2306 | D        | Reached ***** piety under Sif Muna
  2327 | D        | Received a gift from Sif Muna
  2383 | D        | Received a gift from Sif Muna
  2386 | D        | Got Sif Muna's Catalogue of Execration and Battle Magic
                  | {god gift}
  2811 | D        | Identified the +2 plate armour of Day {Harm rElec Str-4
                  | Slay-6}
  2818 | D        | Identified the ring of Caenigri {rPois rC+}
  2829 | D        | Found Quir's Jewellery Shoppe.
  2829 | D        | Found Omin's Armour Shop.
  2829 | D        | Found Cuadon's Assorted Antiques.
  2831 | D        | Found Plog's General Store.
  2831 | D        | Found Boudysue's Weapon Shop.
  2831 | D        | Found Ygoxa's Assorted Antiques.
  2831 | D        | Found Reutz's Distillery.
  2831 | D        | Found Met Iro's Antique Weapon Emporium.
  2831 | D        | Found Heygorer's Antique Weapon Shop.
  2831 | D        | Found Tylis's Jewellery Shoppe.
  2835 | D        | Found Yntim's General Store.
  2836 | D        | Found Veafuome's Antique Weapon Emporium.
  2836 | D        | Found Zaosotac's Distillery.
  2837 | D        | Found Qisutofa's Assorted Antiques.
  2850 | D        | Bought a ring of fire for 300 gold pieces
  3206 | D        | Paralysed by a floating eye for 2 turns
  3221 | D        | Reached skill level 1 in Invocations
  3455 | D        | Reached skill level 23 in Stealth
  3456 | D        | Reached skill level 5 in Dodging
  3463 | D        | Slain by a demonic crawler

Illustrated notes

Levels and vault maps discovered:
D:        dungeon_sprint_1 [red_sonja_temple_1, red_sonja_temple_small_1]

Skill      XL: |  1  2  3  4  5  6  7  8  9 10 |
---------------+-------------------------------+-----
Stealth        | 7 10 13 17 18 20 21 23 | 23.1
Spellcasting   | 4 6 7 8 10 11 12 13 14 | 14.2
Hexes          | 5 6 8 10 11 12 13 14 | 14.0
Ice Magic      | 3 4 5 7 |  7.0
Dodging        | 5 |  5.0
Short Blades   | 3 |  3.5
Invocations    | 2 |  2.9

Action                   |  1- 3 |  4- 6 |  7- 9 | 10-12 || total
-------------------------+-------+-------+-------+-------++-------
Melee: Dagger            |     3 |     5 |    10 |    61 ||    79
 Cast: Ensorcelled Hiber |       |     2 |     8 |    18 ||    28
       Dazzling Flash    |       |       |     1 |     3 ||     4
       Confusing Touch   |       |       |       |    10 ||    10
  Use: Potion            |     1 |       |     1 |     1 ||     3
       Scroll            |       |       |     1 |       ||     1
 Stab: Sleeping          |     2 |     4 |     9 |    14 ||    29
       Confused          |       |       |       |     7 ||     7
Armor: Robe              |       |       |     1 |     5 ||     6
Dodge: Dodged            |       |     1 |    15 |    46 ||    62
